 Dungeon Crawl Stone Soup version 0.29-a0-284-gf9362112df (webtiles) character file.

Game seed: 17142724548353751285

14 YayAnonymity the Shield-Bearer (level 2, -4/19 HPs)
             Began as a Gargoyle Fighter on Mar 26, 2022.
             Slain by a worm (5 damage)
             ... on level 1 of the Dungeon.
             The game lasted 00:00:47 (760 turns).

YayAnonymity the Shield-Bearer (Gargoyle Fighter)    Turns: 760, Time: 00:00:47

Health: -4/19      AC:  9    Str: 19    XL:     2   Next: 45%
Magic:  2/2        EV:  9    Int:  8    God:
Gold:   21         SH:  4    Dex:  9    Spells: 1/1 levels left

rFire   . . .      SeeInvis .   a - +0 war axe
rCold   . . .      Faith    .   c - +0 buckler
rNeg    + . .      Spirit   .   b - +0 scale mail
rPois   ∞          Reflect  .   (no helmet)
rElec   +          Harm     .   (no cloak)
rCorr   .          Rampage  .   (no gloves)
Will    .....                   (no boots)
Stlth   ..........              (no amulet)
HPRegen 0.06/turn               (no ring)
MPRegen 0.08/turn               (no ring)

@: no status effects
A: sickness immunity, AC +2, negative energy resistance 1, electricity
resistance, torment resistance 1, petrification resistance
a: no special abilities


You were on level 1 of the Dungeon.
You visited 1 branch of the dungeon, and saw 2 of its levels.

You collected 21 gold pieces.

Inventory:

Hand Weapons
 a - a +0 war axe (weapon)
Armour
 b - a +0 scale mail (worn)
 c - a +0 buckler (worn)
Scrolls
 f - a scroll of immolation {unknown}
 g - a scroll of teleportation {unknown}
 i - 3 scrolls of identify {unknown}
Potions
 d - a potion of might
 e - a potion of heal wounds {unknown}
 h - a potion of flight {unknown}
 j - a potion of haste {unknown}
 k - a potion of brilliance {unknown}


   Skills:
 - Level 3.2 Fighting
 + Level 2.7 Axes
 - Level 3.2 Armour
 - Level 3.2 Shields


You had one spell level left.
You didn't know any spells.
Your spell library was empty.

Dungeon Overview and Level Annotations

Branches:
Dungeon (2/15)

Altars:


Innate Abilities, Weirdness & Mutations

You are immune to sickness and miasma.
Your stone body is resilient. (AC +2)
You are immune to poison.
You resist negative energy. (rN+)
You are resistant to electric shocks. (rElec)
You are resistant to unholy torment.
You are immune to petrification.


Message History

No target in view!
There is an escape hatch in the floor here.
There is a stone staircase leading down here.
You climb downwards.
The hobgoblin shouts!
The adder hisses angrily.
The kobold shouts!
You hear an angry hiss.
Found a faded altar of an unknown god.
Found two stone staircases leading up.
There is a stone staircase leading up here.
You closely miss the adder. You barely miss the hobgoblin.
The adder bites you but does no damage. The hobgoblin barely misses you.
You hit the adder.
The adder is moderately wounded.
You hit the hobgoblin. The adder bites you but does no damage.
The hobgoblin closely misses you. The adder closely misses you.
You barely miss the adder.
The adder is moderately wounded.
You barely miss the worm. You completely miss the hobgoblin.
You block the adder's attack. The hobgoblin hits you.
A ball python comes into view.
You block the adder's attack. The worm bites you. The hobgoblin hits you.
The kobold hits you with a +0 dagger.
You are too injured to fight recklessly!
You are too injured to fight recklessly!
You are too injured to fight recklessly!
The adder bites you but does no damage. The kobold closely misses you.
The hobgoblin closely misses you. The worm bites you but does no damage.
You climb upwards.
There is a stone staircase leading down here.
You hit the worm.
The worm is moderately wounded.
You closely miss the adder. You hit the kobold.
You kill the kobold!
The adder bites you.
* * * LOW HITPOINT WARNING * * *
The adder bites you.
* * * LOW HITPOINT WARNING * * *
You hit the worm but do no damage.
The worm is moderately wounded.
You closely miss the adder. The adder closely misses you. The worm bites you.
You die...

# #......##..##.# #########' #
#......###.##.# #. # ######.#
#..#.######### #. ####### #.#
##.#.##......# #. ......#
#.####...##......# #. #####.#
#.#......##......########
#.###''.......'......'.......
#..........gS##......########
#..........w@##......#####
#..........####......#...#
#..........# #......#...####
#..........####......#...'...
#####....................#...####
.......#'#####...........#...#
########.# #....>..#####...#
.........# #.......######'###
########## #.......##.......#


You could see a worm, an adder and a hobgoblin.

Vanquished Creatures
  2 ball pythons (D:1)
  An endoplasm (D:1)
  2 goblins (D:1)
  A hobgoblin (D:1)
  A quokka (D:1)
  3 bats (D:1)
  A frilled lizard (D:1)
  2 kobolds (D:1)
13 creatures vanquished.

Notes
Turn   | Place    | Note
-------+----------+-------------------------------------------
     0 | D:1      | YayAnonymity the Gargoyle Fighter began the quest for the
                  | Orb.
     0 | D:1      | Reached XP level 1. HP: 14/14 MP: 1/1
   242 | D:1      | Reached XP level 2. HP: 19/19 MP: 2/2
   753 | D:2      | Found a faded altar of an unknown god.
   760 | D:1      | Slain by a worm

Illustrated notes

Levels and vault maps discovered:
D:1:      onia_arrival_mini_maze_b, layout_basic
D:2:      layout_basic, basic_altar, serial_shops, nicolae_shop_crystal,
          nicolae_ecumenical_pavilion

Skill      XL: |  1 |
---------------+----+-----
Axes           | 2 |  2.7
Fighting       | |  3.2
Armour         | |  3.2
Shields        | |  3.2

Action                   || total
-------------------------++-------
Melee: War axe           ||    35
Armor: Scale mail        ||    25
Dodge: Dodged            ||    22
Block: Buckler           ||     6

Table legend: (Time is in decaauts)
 A = Elapsed time spent in this place.
 B = Non-inter-level travel time spent in this place.
 C = Inter-level travel time spent in this place.
 D = Time resting spent in this place.
 E = Time spent auto-exploring this place.
 F = Levels seen in this place.
 G = Mean time per level.
                   A        B        C        D        E       F      G
               +--------+--------+--------+--------+--------+-----+--------+
         Total |    774 |    762 |     12 |      0 |    643 |   2 |  387.0 |
       Dungeon |    774 |    762 |     12 |      0 |    643 |   2 |  387.0 |
               +--------+--------+--------+--------+--------+-----+--------+

Top non-repeatable levels by time:
     D:1: 768 daAuts
     D:2: 5 daAuts
